Map: Orbital Shipyard

Players

sKyHigh

  • Race: Terran Terran
  • League: Grandmaster

State - Winner!

  • Race: Protoss Protoss
  • League: Grandmaster

VOD

Have the link to the VOD?

Description

Time

  • Played on: Jan. 4, 2016, 11:34 p.m.
  • Length: 10:08
Show
View Real Time Build Order
Export as new Build Order

sKyHigh Terran 

Build Orders: Liberator Opening 

Get SALT Encoding   

  12  0:00  SCV  
  13  0:12  SCV  
  14  0:18  Supply Depot  
  14  0:25  SCV  
  15  0:40  SCV  
  15  0:41  Barracks  
  16  0:46  Refinery  
  16  0:52  SCV  
  17  1:04  SCV  
  18  1:16  SCV  
  19  1:28  Orbital Command  
  19  1:29  Barracks Reactor  
  19  1:43  Command Center  
  19  1:51  Supply Depot  
  19  1:55  SCV  
  20  2:06  Marine x2  
  20  2:07  SCV  
  23  2:14  Factory  
  23  2:19  SCV  
  23  2:22  Refinery  
  24  2:25  Marine  
  24  2:26  Marine  
  26  2:31  SCV  
  27  2:43  SCV, Marine  
  29  2:44  Marine  
  29  2:55  SCV, Orbital Command  
  30  2:58  Factory Tech Lab  
  30  3:00  Starport  
  30  3:07  SCV  
  30  3:08  Marine  
  30  3:10  Marine  
  33  3:18  Cyclone  
  36  3:22  SCV x2  
  36  3:26  Marine  
  38  3:33  Liberator  
  37  3:34  SCV x2  
  39  3:46  SCV x2, Supply Depot, Marine x2  
  46  3:57  Supply Depot  
  46  4:08  SCV x2  
  48  4:16  Cyclone  
  51  4:18  Marine x2  
  51  4:20  SCV x2  
  51  4:30  Liberator  
  48  4:32  SCV x2  
  44  4:40  Marine x2  
  44  4:44  SCV x2  
  48  4:47  Barracks  
  48  4:50  Barracks  
  51  4:56  SCV x2  
  51  4:59  Marine  
  54  5:00  Marine  
  54  5:01  Factory Tech Lab  
  55  5:08  SCV x2  
  57  5:15  Supply Depot  
  57  5:23  Marine x2  
  57  5:25  SCV x2  
  57  5:37  SCV x2  
  57  5:38  Marine x2  
  57  5:41  Marine x2  
  57  5:54  SCV x2  
  57  5:56  Cyclone  
  54  5:59  Marine x4  
  48  6:06  SCV  
  48  6:08  SCV  
  47  6:22  SCV x2  
  48  6:34  SCV x2  
  48  6:35  Stimpack  
  50  6:40  Marauder x2, Marine x2  
  50  6:45  Engineering Bay  
  50  6:46  SCV x2  
  58  7:03  SCV x2  
  62  7:08  Marauder, Marine x2  
  62  7:09  Marauder  
  65  7:23  Medivac  
  65  7:24  SCV x2  
  65  7:25  Widow Mine  
  70  7:33  Supply Depot  
  70  7:34  Supply Depot  
  70  7:40  Terran Infantry Weapons Level 1  
  70  7:54  SCV, Marauder x2, Marine x2  
  77  8:04  Medivac  
  70  8:08  SCV x2  
  70  8:12  Widow Mine  
  68  8:14  Marine x2  
  68  8:19  Missile Turret  
  62  8:20  SCV x2  
  42  8:45  Marine  
  42  8:46  Marine x3  
  42  8:47  Widow Mine  
  48  8:51  Medivac  
  48  8:58  SCV x2  
  50  9:07  Marine x2  
  50  9:13  Marine x2  
  52  9:28  SCV  
  52  9:29  SCV  
  54  9:31  Marine x2  
  54  9:40  Missile Turret  
  54  9:43  SCV x2  
Show
View Real Time Build Order
Export as new Build Order

State Protoss - Winner!

Build Orders: 1 Gate Expand, Oracle Opening 

Get SALT Encoding   

  12  0:00  Probe (Chrono Boost)  
  13  0:11  Probe (Chrono Boost)  
  14  0:17  Pylon  
  14  0:22  Probe (Chrono Boost)  
  15  0:35  Probe (Chrono Boost)  
  16  0:37  Gateway  
  16  0:42  Assimilator  
  16  0:45  Probe (Chrono Boost)  
  17  0:56  Probe (Chrono Boost)  
  18  1:07  Probe (Chrono Boost)  
  19  1:20  Nexus  
  19  1:28  Cybernetics Core  
  19  1:31  Probe (Chrono Boost)  
  20  1:39  Assimilator  
  20  1:41  Probe (Chrono Boost)  
  21  1:48  Pylon  
  21  1:52  Probe (Chrono Boost)  
  22  2:07  Mothership Core (Chrono Boost)  
  24  2:08  Adept (Chrono Boost)  
  26  2:18  Warp Gate  
  26  2:22  Pylon  
  26  2:25  Probe (Chrono Boost)  
  27  2:31  Probe (Chrono Boost)  
  30  2:37  Probe (Chrono Boost)  
  30  2:42  Probe (Chrono Boost)  
  32  2:48  Probe (Chrono Boost)  
  31  2:51  Stargate  
  31  2:53  Probe (Chrono Boost)  
  33  2:58  Probe (Chrono Boost)  
  33  3:03  Probe (Chrono Boost)  
  34  3:06  Robotics Facility  
  34  3:09  Probe (Chrono Boost)  
  35  3:14  Probe (Chrono Boost)  
  35  3:17  Pylon x2  
  36  3:21  Pylon  
  35  3:33  Probe x2 (Chrono Boost)  
  33  3:38  Oracle (Chrono Boost)  
  33  3:39  Adept  
  38  3:42  Gateway  
  38  3:43  Gateway  
  38  3:44  Gateway  
  38  3:47  Probe  
  39  3:50  Probe  
  39  3:55  Warp Prism (Chrono Boost)  
  40  3:59  Pylon  
  43  4:04  Mothership Core  
  43  4:05  Probe  
  45  4:14  Assimilator  
  45  4:16  Assimilator  
  45  4:18  Probe  
  46  4:25  Probe  
  46  4:28  Oracle (Chrono Boost)  
  46  4:30  Probe  
  51  4:37  Probe  
  52  4:42  Probe  
  53  4:47  Pylon  
  53  4:48  Adept x4  
  53  4:49  Probe  
  62  4:59  Pylon  
  62  5:01  Pylon  
  62  5:05  Probe x2  
  64  5:07  Pylon  
  64  5:17  Probe x2  
  65  5:29  Probe x2  
  65  5:32  Twilight Council  
  65  5:39  Adept x4  
  65  5:40  Probe  
  65  5:41  Probe  
  73  5:57  Probe  
  73  5:58  Probe  
  73  6:01  Stalker  
  73  6:02  Stalker  
  67  6:14  Warp Prism  
  67  6:17  Blink (Chrono Boost)  
  67  6:18  Nexus, Dark Shrine  
  64  6:19  Pylon  
  64  6:20  Sentry  
  64  6:26  Pylon  
  64  6:28  Pylon  
  64  6:30  Probe x2  
  66  6:35  Sentry x2  
  66  6:36  Stalker  
  72  6:42  Probe x2  
  72  6:45  Stalker  
  72  6:46  Immortal  
  80  6:55  Probe x2  
  80  7:01  Stalker x2  
  82  7:21  Mothership Core  
  82  7:22  Stalker x2  
  86  7:30  Probe  
  86  7:31  Probe  
  86  7:32  Stalker x2  
  86  7:35  Immortal  
  96  7:45  Pylon  
  96  7:50  Probe x2  
  96  7:51  Gateway  
  98  7:52  Gateway, Pylon  
  98  7:54  Gateway, Pylon  
  95  8:08  Dark Templar  
  95  8:09  Dark Templar x3  
  95  8:12  Immortal  
  95  8:17  Probe x2, Pylon  
  95  8:18  Pylon  
  81  8:47  Stalker x4  
  89  8:52  Forge  
  89  8:55  Forge  
  93  8:57  Stalker x3  
  99  9:06  Probe  
  99  9:08  Probe x2, Observer  
  99  9:09  Assimilator  
  102  9:10  Assimilator  
  99  9:17  Probe  
  99  9:20  Probe  
  99  9:21  Gateway  
  99  9:23  Gateway  
  101  9:27  Gateway  
  101  9:30  Gateway  
  101  9:32  Gateway  
  101  9:36  Pylon  
  101  9:37  Pylon  
  100  9:38  Archon  
  100  9:39  Stalker x7  
  100  9:45  Probe x2  
  116  9:46  Probe  
Tags
 
Add a new tag
Caveats
  • Supply blocks, unpowered buildings, or Contaminate may cause inaccurate times.
  • Supply counts are checked every 10 seconds.